Map: Proxima Station LE

Players

Pokebunny - Winner!

  • Race: Terran Terran
  • Spawn Location: 7:00

Ghost

  • Race: Terran Terran
  • Spawn Location: 1:00

Event: WCS Austin 2017

VOD

Have the link to the VOD?

Description

Time

  • Played on: April 28, 2017, 1:33 p.m.
  • Length: 9:17

All games in this series

Show
View Real Time Build Order
Export as new Build Order

Pokebunny Terran - Winner!

Build Orders: Reaper Expand, MMM Bio 

Get SALT Encoding   

  12  0:00  SCV  
  13  0:13  SCV  
  14  0:18  Supply Depot  
  14  0:25  SCV  
  15  0:29  Refinery  
  15  0:39  SCV  
  16  0:45  Barracks  
  16  0:51  SCV  
  17  1:04  SCV  
  18  1:16  SCV  
  19  1:32  Reaper, Orbital Command  
  20  1:43  Command Center  
  20  1:54  Factory  
  20  1:59  SCV  
  21  2:04  Refinery  
  21  2:07  Barracks Reactor  
  21  2:11  SCV  
  22  2:17  Supply Depot  
  22  2:26  SCV  
  23  2:38  Starport  
  23  2:39  SCV  
  23  2:42  Marine  
  23  2:43  Marine  
  26  2:51  SCV  
  26  2:54  Widow Mine  
  26  2:55  Orbital Command  
  29  3:04  Marine x2  
  31  3:06  SCV  
  32  3:15  Medivac  
  32  3:18  SCV  
  35  3:21  Marine  
  35  3:22  Marine  
  35  3:25  Factory Tech Lab  
  35  3:26  SCV  
  38  3:31  SCV  
  38  3:32  Supply Depot  
  39  3:38  SCV  
  39  3:39  Marine x2  
  42  3:43  SCV  
  42  3:45  Refinery  
  43  3:50  SCV  
  43  3:54  Raven  
  43  3:55  Factory Tech Lab, SCV  
  46  3:56  Supply Depot  
  46  3:58  Marine x2  
  46  4:02  SCV  
  50  4:08  SCV  
  51  4:10  Supply Depot  
  50  4:28  SCV  
  50  4:29  SCV  
  52  4:36  Siege Tank  
  53  4:43  Marine  
  53  4:44  Barracks, Stimpack  
  53  4:45  Barracks, SCV x2  
  56  4:47  Starport Reactor, Engineering Bay  
  56  4:57  SCV x2  
  58  5:01  Marine  
  58  5:07  Supply Depot  
  59  5:08  Siege Tank  
  59  5:10  SCV x2  
  64  5:15  Command Center  
  64  5:23  Marine, SCV x2  
  67  5:35  Marine  
  67  5:36  Viking, Marine  
  67  5:37  Viking, Barracks Reactor  
  64  5:50  SCV x2  
  64  5:54  Marine x3  
  64  5:56  Siege Tank  
  70  6:04  SCV x2  
  70  6:05  Terran Infantry Weapons Level 1  
  70  6:08  Refinery  
  72  6:13  Marine x3  
  72  6:14  Marine x2  
  77  6:19  Supply Depot  
  77  6:20  SCV  
  78  6:27  Medivac x2, SCV  
  78  6:30  Orbital Command  
  83  6:35  Siege Tank  
  83  6:39  SCV x2  
  88  6:42  Marine x3  
  88  6:43  Marine x2  
  93  6:50  Supply Depot  
  93  6:54  SCV x2  
  93  6:58  Combat Shields  
  95  7:01  SCV  
  95  7:03  Supply Depot  
  95  7:06  Engineering Bay, SCV  
  95  7:07  Supply Depot  
  98  7:08  Armory, SCV  
  98  7:10  Siege Tank  
  101  7:17  Marine x4  
  101  7:19  Marine  
  101  7:21  SCV x2  
  108  7:23  SCV  
  109  7:31  Supply Depot  
  109  7:32  Medivac x2  
  109  7:36  Supply Depot  
  113  7:37  SCV x2  
  113  7:39  SCV  
  113  7:43  Siege Tank  
  119  7:53  SCV  
  119  7:54  SCV  
  121  8:01  SCV  
  121  8:03  Marine x3  
  121  8:04  Marine x2  
  127  8:06  SCV  
  127  8:08  Barracks  
  127  8:09  Supply Depot x2, Barracks  
  128  8:15  SCV x2  
  128  8:18  Siege Tank, SCV  
  134  8:20  Refinery, Sensor Tower  
  134  8:21  Marine  
  134  8:26  Supply Depot  
  135  8:27  SCV  
  135  8:29  Supply Depot  
  134  8:49  Marine  
  134  8:50  Marine x4  
  142  8:59  SCV x2  
  142  9:00  Barracks Reactor, SCV  
  142  9:01  Barracks Reactor  
  149  9:05  Supply Depot  
  149  9:06  Supply Depot  
  149  9:11  Refinery  
  149  9:14  Command Center  
Show
View Real Time Build Order
Export as new Build Order

Ghost Terran 

Build Orders: Cyclone Opening, Reaper Expand, MMM Bio 

Get SALT Encoding   

  12  0:00  SCV  
  13  0:12  SCV  
  14  0:18  Supply Depot  
  14  0:25  SCV  
  15  0:29  Refinery  
  15  0:39  SCV  
  16  0:46  Barracks  
  16  0:52  SCV  
  17  1:04  SCV  
  18  1:16  SCV  
  19  1:33  Reaper, Orbital Command  
  20  1:50  Command Center  
  20  2:01  SCV  
  20  2:04  Factory  
  21  2:08  Barracks Reactor  
  21  2:12  Refinery  
  21  2:21  Supply Depot  
  22  2:22  SCV  
  22  2:34  SCV  
  23  2:44  Marine x2  
  23  2:47  SCV  
  23  2:49  Cyclone  
  29  2:59  SCV  
  29  3:02  Starport  
  30  3:08  Orbital Command  
  30  3:12  Marine x2  
  32  3:14  SCV  
  33  3:26  Cyclone, SCV  
  37  3:36  Marine, SCV  
  37  3:39  SCV  
  37  3:40  Supply Depot  
  40  3:43  Medivac  
  42  3:49  Marine  
  42  3:53  Marine, SCV x2  
  46  4:00  Supply Depot  
  46  4:01  Factory Tech Lab  
  46  4:05  SCV  
  47  4:17  Marine x2  
  47  4:20  Siege Tank  
  45  4:41  Marine x2  
  45  4:42  Viking  
  49  4:47  SCV x2  
  51  4:53  Supply Depot, Command Center  
  51  4:57  Siege Tank  
  51  4:59  SCV  
  55  5:05  Marine x2  
  55  5:06  Barracks  
  57  5:09  SCV  
  57  5:13  SCV  
  59  5:18  Starport Reactor  
  59  5:21  SCV  
  59  5:25  Barracks, SCV  
  60  5:41  Siege Tank  
  63  5:47  Marine  
  62  5:54  Marine  
  60  6:04  Barracks Tech Lab  
  55  6:05  Viking, Marine  
  55  6:06  Orbital Command  
  58  6:11  Barracks  
  58  6:12  Marine  
  58  6:14  Supply Depot  
  58  6:16  SCV  
  58  6:17  Barracks Tech Lab  
  60  6:23  SCV  
  61  6:26  Stimpack  
  61  6:28  SCV  
  62  6:35  Marine x2  
  62  6:36  Combat Shields, Marine x2  
  62  6:37  Viking  
  68  6:42  Refinery, SCV  
  68  6:43  Refinery, SCV  
  68  6:44  SCV  
  71  6:53  Barracks, Marine x2  
  73  6:55  SCV  
  73  7:01  Marine x2  
  75  7:02  Supply Depot, SCV  
  75  7:05  Barracks Reactor  
  75  7:07  Siege Tank  
  80  7:11  Marine  
  80  7:13  SCV x2  
  82  7:17  Marine  
  82  7:18  SCV  
  82  7:19  Marine  
  82  7:20  Viking  
  87  7:25  SCV  
  87  7:29  Viking  
  90  7:33  Marine x2  
  90  7:35  Marine  
  93  7:38  SCV x3  
  92  8:01  Medivac x2  
  92  8:02  Marine x5  
  101  8:08  Marine x2  
  99  8:19  Engineering Bay  
  99  8:20  Supply Depot, SCV x2  
  99  8:21  Engineering Bay  
  99  8:23  Barracks Reactor  
  99  8:25  Supply Depot  
  101  8:38  Marine  
  101  8:40  Marine x3  
  101  8:41  Marine x2  
  97  8:55  Marine  
  97  8:58  Marine x3  
Tags
 
Add a new tag
Caveats
  • Supply blocks, unpowered buildings, or Contaminate may cause inaccurate times.
  • Supply counts are checked every 10 seconds.